Map: Givre EC

Players

Davbond

  • Race: Zerg Zerg
  • League: Master

SantaSam - Winner!

  • Race: Zerg Zerg
  • League: Master

VOD

Have the link to the VOD?

Description

Time

  • Played on: Oct. 17, 2016, 8:55 a.m.
  • Length: 5:59
Show
View Real Time Build Order
Export as new Build Order

Davbond Zerg 

Build Orders: Hatch First 

Get SALT Encoding   

  12  0:00  Drone  
  13  0:13  Overlord  
  13  0:17  Drone  
  14  0:31  Drone x2  
  14  0:35  Drone  
  17  0:53  Hatchery  
  17  0:56  Drone  
  17  0:58  Extractor  
  17  1:01  Drone  
  17  1:18  Spawning Pool  
  16  1:19  Drone  
  16  1:22  Drone  
  18  1:34  Drone  
  19  1:43  Overlord  
  19  1:55  Drone  
  20  2:03  Drone  
  20  2:04  Metabolic Boost  
  20  2:05  Queen  
  23  2:09  Queen  
  23  2:12  Drone  
  26  2:16  Drone  
  26  2:19  Drone  
  28  2:24  Drone  
  28  2:26  Drone  
  30  2:33  Drone  
  31  2:38  Zergling x2  
  32  2:44  Zergling x2  
  31  3:02  Zergling x4  
  33  3:14  Baneling Nest  
  33  3:16  Hatchery  
  33  3:19  Zergling x8  
  35  3:31  Zergling x2  
  35  3:33  Overlord  
  36  3:42  Overlord  
  36  3:54  Drone  
  36  3:55  Drone x7  
  38  4:18  Roach Warren  
  38  4:22  Spine Crawler  
  34  4:26  Spine Crawler  
  33  4:36  Zergling x2  
  33  4:37  Zergling x18  
  43  4:42  Zergling x2  
  44  4:47  Zergling x6  
  44  4:51  Zergling x2  
  44  4:52  Zergling x4  
  47  5:01  Roach x3  
  47  5:12  Roach x3  
  53  5:16  Roach x2  
  51  5:23  Roach  
  51  5:27  Roach  
  49  5:30  Roach  
  49  5:39  Roach x3  
Show
View Real Time Build Order
Export as new Build Order

SantaSam Zerg - Winner!

Build Orders: Pool First, Roach Nydus 

Get SALT Encoding   

  12  0:00  Drone  
  13  0:13  Overlord  
  13  0:18  Drone  
  14  0:23  Extractor  
  14  0:24  Drone  
  15  0:31  Drone  
  16  0:36  Drone  
  17  0:46  Spawning Pool  
  17  0:49  Drone  
  17  1:11  Hatchery  
  16  1:12  Drone  
  16  1:17  Drone  
  18  1:21  Drone  
  18  1:24  Extractor  
  18  1:36  Queen  
  20  1:40  Zergling x4  
  22  1:50  Overlord  
  22  2:03  Drone, Extractor  
  23  2:11  Queen  
  23  2:15  Drone  
  26  2:26  Drone  
  26  2:27  Drone, Queen  
  30  2:33  Drone  
  30  2:34  Drone  
  32  2:43  Drone  
  33  2:49  Lair  
  33  2:51  Drone x3  
  34  2:55  Drone, Spine Crawler  
  34  2:57  Drone  
  35  3:05  Roach Warren  
  34  3:08  Drone  
  34  3:10  Extractor  
  34  3:14  Overlord  
  34  3:20  Drone  
  34  3:21  Drone  
  34  3:22  Overlord  
  36  3:28  Extractor  
  36  3:29  Drone  
  36  3:34  Drone x2  
  36  3:36  Drone x3  
  36  3:40  Overlord  
  41  3:53  Nydus Network, Roach  
  41  3:54  Roach  
  44  4:03  Roach x3  
  44  4:07  Roach  
  50  4:12  Roach x2  
  50  4:16  Roach  
  54  4:25  Roach  
  54  4:26  Roach x2  
  60  4:32  Overlord  
  60  4:35  Nydus Canal  
  60  4:50  Queen  
  62  5:06  Nydus Canal  
  62  5:08  Roach x3  
  66  5:16  Roach  
  66  5:17  Queen  
  64  5:21  Overlord x2  
  58  5:30  Roach x2  
  58  5:31  Roach x2  
Tags
 
Add a new tag
Caveats
  • Supply blocks, unpowered buildings, or Contaminate may cause inaccurate times.
  • Supply counts are checked every 10 seconds.